 Dungeon Crawl Stone Soup version 0.13-a0-2657-gc1edc70 (webtiles) character file.

280 Mathinus the Magician (level 5, 0/33 HPs)
             Began as a Human Wizard on Aug 10, 2013.
             Slain by a kobold (3 damage)
             ... on Level 3 of the Dungeon.
             The game lasted 00:17:23 (3386 turns).

Mathinus the Magician (Human Wizard)                Turns: 3386, Time: 00:17:23

HP   0/33        AC  2     Str  7      XL: 5   Next: 20%
MP   8/13        EV 12     Int 20      God:
Gold 165         SH  0     Dex 11      Spells:  3 memorised,  6 levels left

Res.Fire  : . . .   See Invis. : .   t - +0,+1 scythe
Res.Cold  : . . .   Warding    : .   r - +0 robe
Life Prot.: . . .   Conserve   : .   (no shield)
Res.Poison: .       Res.Corr.  : .   f - +0 wizard hat
Res.Elec. : .       Clarity    : .   (no cloak)
Sust.Abil.: . .     Spirit.Shd : .   (no gloves)
Res.Mut.  : .       Stasis     : .   (no boots)
Res.Rott. : .       Flight     : .   (no amulet)
Saprovore : . . .                    (no ring)
                                     (no ring)

@: slightly resistant to hostile enchantments, fairly stealthy
A: no striking features
a: no special abilities


You were on level 3 of the Dungeon.
You were not hungry.

You visited 1 branch of the dungeon, and saw 4 of its levels.

You collected 145 gold pieces.

Inventory:

Hand weapons
 a - a +0,+0 dagger
 b - a +0,+0 sling
 l - a +0,+0 dagger
 o - a +0,+1 orcish dagger
 q - a cursed -3,+0 dagger
 s - a +0,+0 dagger
 t - a +0,+1 scythe (weapon)
Missiles
 m - 80 stones (quivered)
Armour
 f - a +0 wizard hat (worn)
 h - a +0 robe
 r - a +0 robe (worn)
Comestibles
 d - 2 bread rations
 j - a choko
Scrolls
 i - 5 scrolls of identify
 k - 3 scrolls of remove curse
 n - a scroll of teleportation
 x - a scroll of recharging {unknown}
Potions
 e - 2 potions of flight {unknown}
 g - a potion of brilliance {unknown}
 p - a potion of confusion {unknown}
 u - a potion of poison {unknown}
 v - 2 potions of curing
 w - a potion of mutation {unknown}
Books
 c - a book of Minor Magic

   Spells                             Type                      Level
   *Magic Dart                        Conjuration                  1
   *Blink                             Translocation                2
   *Call Imp                          Summoning                    2
   Repel Missiles                     Charms/Air                   2
   Slow                               Hexes                        2
   Conjure Flame                      Conjuration/Fire             3
   Mephitic Cloud                     Conjuration/Poison/Air       3


   Skills:
 + Level 0.2 Slings
 + Level 3.0 Dodging
 + Level 2.3 Stealth
 + Level 3.9 Spellcasting
 + Level 1.7 Conjurations
 + Level 1.9 Summonings
 + Level 1.0 Translocations


You had 6 spell levels left.
You knew the following spells:

 Your Spells              Type           Power        Failure   Level  Hunger
a - Magic Dart            Conj           ##..         10%         1    None
b - Call Imp              Summ           ##........   12%         2    #......
c - Blink                 Tloc           N/A          14%         2    #......


Dungeon Overview and Level Annotations

Branches:
Dungeon (4/27)
 Temple: D:4-7

Altars:
Makhleb

Annotations
D:3 schwarznadel's ghost, average DjFi


Message History

Confirm with . or Enter, or press ? or * to list all spells.
A shadowy apparition takes form in the air.
Schwarznadel's ghost hits you!
* * * LOW HITPOINT WARNING * * *
The kobold barely misses you.
Your crimson imp misses the kobold.
Your crimson imp blinks!
Schwarznadel's ghost barely misses your shadow imp.
The kobold hits your shadow imp.
Your shadow imp misses the kobold.
Schwarznadel's ghost hits your shadow imp.
Your shadow imp dies!
Your crimson imp blinks!
Your crimson imp says, "Isn't this more fun with friends?"
Your crimson imp blinks!
A rat comes into view.
The rat misses you.
Schwarznadel's ghost keens inconsolably.
The rat misses you. The kobold barely misses you. The kobold hits you.
You die...

#############
#..r@........
#..K...#....#
#..p........
#......###.#
#......#
##.##...# #.#
...## #.#
..... #.#
...# ..


You could see schwarznadel's ghost, a kobold and a rat.

Vanquished Creatures
  An adder (D:2)
  2 worms (D:2)
  3 bats
  9 goblins
  6 hobgoblins
  2 jackals (D:1)
  5 kobolds (D:2)
  A ball python (D:2)
  A giant cockroach (D:1)
  A giant gecko (D:2)
  3 giant newts
  5 rats
39 creatures vanquished.

Vanquished Creatures (collateral kills)
  Sigmund (D:2)
  An orc wizard (D:3)
  2 orcs (D:3)
  A hobgoblin (D:2)
  A rat (D:2)
6 creatures vanquished.

Vanquished Creatures (others)
  3 crimson imps (D:2)
  2 shadow imps (D:3)
5 creatures vanquished.

Grand Total: 50 creatures vanquished

Notes
Turn   | Place    | Note
--------------------------------------------------------------
     0 | D:1      | Mathinus, the Human Wizard, began the quest for the Orb.
     0 | D:1      | Reached XP level 1. HP: 11/11 MP: 5/5
   796 | D:1      | Reached XP level 2. HP: 3/17 MP: 7/7
  1352 | D:1      | Learned a level 2 spell: Call Imp
  1355 | D:1      | Learned a level 2 spell: Blink
  1579 | D:2      | Reached XP level 3. HP: 9/22 MP: 0/9
  1721 | D:2      | Found a burning altar of Makhleb.
  1738 | D:2      | Noticed Sigmund
  2395 | D:2      | Killed Sigmund
  2395 | D:2      | Reached XP level 4. HP: 21/28 MP: 3/11
  2669 | D:3      | Reached XP level 5. HP: 21/33 MP: 7/13
  2672 | D:3      | Noticed schwarznadel's ghost (average DjFi)
  3370 | D:3      | HP: 1/33 [schwarznadel's ghost (10)]
  3386 | D:3      | Slain by a kobold

Action                   |  1- 3 |  4- 6 || total
-------------------------+-------+-------++-------
Melee: Sling             |    24 |       ||    24
       Dagger            |    14 |       ||    14
       Scythe            |       |    12 ||    12
 Fire: Sling             |     3 |       ||     3
 Cast: Magic Dart        |    89 |    25 ||   114
       Call Imp          |    15 |    14 ||    29
       Blink             |     1 |       ||     1
  Use: Potion            |     2 |       ||     2
       Scroll            |     3 |     1 ||     4
